 Dungeon Crawl Stone Soup version 0.31-a0-662-g684573625c (webtiles) character file.

Game seed: 11414614217528095980

260 cforsyth the Charlatan (level 6, -2/47 HPs)
             Began as a Gnoll Artificer on Aug 31, 2023.
             Slain by a hobgoblin (4 damage)
             ... on level 4 of the Dungeon.
             The game lasted 00:08:59 (3982 turns).

cforsyth the Charlatan (Gnoll Artificer)            Turns: 3982, Time: 00:09:00

Health: -2/47      AC: 15    Str: 12    XL:     6   Next: 17%
Magic:  8/8        EV:  4    Int: 12    God:
Gold:   236        SH:  0    Dex: 12    Spells: 8/8 levels left

rFire   . . .        j - +3 dagger (freeze)
rCold   . . .        (no shield)
rNeg    . . .        t - +0 plate armour
rPois   .            p - +0 helmet
rElec   .            (no cloak)
rCorr   .            q - +0 pair of gloves
SInv    .            u - +0 pair of boots
Will    .....        (no amulet) Stlth
                     (no ring)
HPRegen 0.27/turn    (no ring)
MPRegen 0.11/turn

%: no passive effects
@: no status effects
A: fangs 1, strong nose, distributed training
a: no special abilities


You were on level 4 of the Dungeon.
You visited 1 branch of the dungeon, and saw 4 of its levels.
You also visited: Sewer.

You collected 236 gold pieces.

Inventory:

Hand Weapons
 a - a +0 club
 j - a +3 dagger of freezing (weapon)
 o - a +1 dagger of protection
Missiles
 n - 6 poisoned darts
Armour
 b - a +0 leather armour
 c - a +0 troll leather armour {Pargi}
 p - a +0 helmet (worn)
 q - a +0 pair of gloves (worn)
 t - a +0 plate armour (worn)
 u - a +0 pair of boots (worn)
Jewellery
 f - a ring of resist corrosion
 r - a ring of willpower
Wands
 d - a wand of charming (11)
 e - a wand of iceblast (3)
Scrolls
 h - a scroll of amnesia {unknown}
 i - 2 scrolls of teleportation
 k - a scroll of acquirement {unknown}
 m - a scroll of fog
 s - 2 scrolls of revelation
Potions
 g - 2 potions of haste
 l - a potion of lignification


   Skills:
 + Level 3.2 Fighting
 + Level 1.9 Short Blades
 + Level 1.9 Long Blades
 + Level 1.9 Axes
 + Level 1.9 Maces & Flails
 + Level 1.9 Polearms
 + Level 1.9 Staves
 + Level 1.9 Ranged Weapons
 + Level 1.9 Throwing
 + Level 4.9 Armour
 + Level 3.2 Dodging
 + Level 3.0 Stealth
 + Level 1.9 Shields
 + Level 1.9 Unarmed Combat
 + Level 1.9 Spellcasting
 + Level 1.5 Conjurations
 + Level 1.5 Hexes
 + Level 1.5 Summonings
 + Level 1.5 Necromancy
 + Level 1.5 Translocations
 + Level 1.5 Transmutations
 + Level 1.5 Fire Magic
 + Level 1.5 Ice Magic
 + Level 1.5 Air Magic
 + Level 1.5 Earth Magic
 + Level 1.5 Poison Magic
 + Level 2.1 Invocations
 + Level 6.8 Evocations
 + Level 1.7 Shapeshifting


You had 8 spell levels left.
You didn't know any spells.
Your spell library contained the following spells:

 Spells                   Type           Power      Damage    Failure   Level
 Kiss of Death            Conj/Necr      16%        2d6       100%        1
 Confusing Touch          Hex            4%         N/A       100%        3
 Dispel Undead            Necr           4%         3d7       100%        4


Dungeon Overview and Level Annotations

Branches:
Dungeon (4/15)              Sewer (visited)
 Temple: D:4-7

Altars:
Xom
Zin
The Shining One

Shops:
D:2 :   D:3 (

Portals:
Ossuary: D:4

Annotations:
D:4 Blork the orc


Innate Abilities, Weirdness & Mutations

You have very sharp teeth.
Your uncanny sense of smell can sniff out nearby items.
Your experience applies equally to all skills.


Message History

Orders for allies: a - Attack new target. p - Attack previous target. r - Retreat! s - Stop attacking. g - Guard the area. f - Follow me.
Anything else - Cancel.
Gang up on whom?
Press: ? - help, Dir - move target, f - dart slug, p - centaur
Aim: a dart slug Attack!
Your centaur hits the dart slug.
Your centaur kicks the dart slug but does no damage.
Your centaur hits the dart slug.
Your centaur kicks the dart slug.
It was a potion of curing.
You feel better.
You hear the slow hiss of an avalanche of sand very nearby.
Your centaur hits the dart slug.
The dart slug dies!
What are your orders? t - Bark!
Orders for allies: a - Attack new target. r - Retreat! s - Stop attacking. g - Guard the area. f - Follow me.
Anything else - Cancel.
Retreat in which direction?
Press: ? - help, Dir - move target Fall back!
You see here a dart slug corpse.
Blork the orc comes into view.
He is wielding a +0 halberd.
Blork the orc shouts!
Blork the orc screams, "I'll eat your brain!
And then I'll vomit it back up!"
A mummy and a hobgoblin come into view.
Found a sand-covered staircase.
Blork the orc looks angry.
Blork the orc gestures at you while chanting.
The magic dart hits you but does no damage.
The hobgoblin hits you but does no damage.
There is an open door here.
You completely miss the hobgoblin. Blork the orc casts a spell at you.
The puff of flame hits you!
* * * LOW HITPOINT WARNING * * *
The hobgoblin hits you.
You die...

,,,,,,,,,* *,*#.#,* #.
,,,,,,,,,*********,*#.#.# #.
,,,,,,,,,+,,,,,,,,,*#.#.# #.
,,,,,,,,,***,*******#.#.# #.
***,,,**** #,** #.#.# #. *,,,*
#.∆* #.#.# #. *,,,*
####.#######.#.# #. *****
#...........o..# #####.
*.#####@#####..# #...'.
*,,*#..g..##...# #.###.
*,,,##.M.##....####.# ## *****
*,*,,##∩##..##....†.# ****,,,*
*,**,,###o.#*#####..#
,,,,,*,***,***,,#...,,,,,,#..#
,,*,,,,,,,,,,**....,,,,,,,#..#
,,**,,,*****,*,....,,,,,,,.#.#
*,**,,,**,,*,*,...,,,,,,,,.#c#


You could see Blork the orc, a mummy and a hobgoblin.

Vanquished Creatures
  Pargi (Sewer)
  Robin (D:2)
  6 adders
  5 worms
  A dart slug (D:2)
  3 ball pythons (D:3)
  2 endoplasms (D:3)
  6 giant cockroaches
  14 goblins
  11 hobgoblins
  4 kobolds
  A quokka (D:1)
  8 bats
  4 frilled lizards
  6 rats
73 creatures vanquished.

Vanquished Creatures (collateral kills)
  A dart slug (D:4)
  An endoplasm (D:4)
2 creatures vanquished.

Vanquished Creatures (others)
  Menkaure (D:4)
  A goblin (D:2)
2 creatures vanquished.

Grand Total: 77 creatures vanquished

Notes
Turn   | Place    | Note
-------+----------+-------------------------------------------
     0 | D:1      | cforsyth the Gnoll Artificer began the quest for the Orb.
     0 | D:1      | Reached XP level 1. HP: 17/17 MP: 1/1
   184 | D:1      | Reached XP level 2. HP: 23/23 MP: 2/2
   941 | D:2      | Reached XP level 3. HP: 28/28 MP: 2/4
  1035 | D:2      | Found a faded altar of an unknown god.
  1055 | D:2      | Found Xedaf's Vocational Training.
  1055 | D:2      | Noticed Robin
  1164 | D:1      | Reached skill level 1 in Invocations
  1426 | D:2      | HP: 1/28 [goblin/+0 club[Robin] (2)]
  1902 | D:2      | Killed Robin
  1903 | D:2      | Reached skill level 1 in Short Blades
  1903 | D:2      | Reached skill level 1 in Long Blades
  1903 | D:2      | Reached skill level 1 in Axes
  1903 | D:2      | Reached skill level 1 in Maces & Flails
  1903 | D:2      | Reached skill level 1 in Polearms
  1903 | D:2      | Reached skill level 1 in Staves
  1903 | D:2      | Reached skill level 1 in Ranged Weapons
  1903 | D:2      | Reached skill level 1 in Throwing
  1903 | D:2      | Reached skill level 1 in Shields
  1903 | D:2      | Reached skill level 1 in Unarmed Combat
  1903 | D:2      | Reached skill level 1 in Spellcasting
  1903 | D:2      | Reached XP level 4. HP: 11/34 MP: 5/5
  2298 | D:2      | Reached skill level 1 in Shapeshifting
  2750 | D:3      | Reached skill level 1 in Conjurations
  2750 | D:3      | Reached skill level 1 in Hexes
  2750 | D:3      | Reached skill level 1 in Summonings
  2750 | D:3      | Reached skill level 1 in Necromancy
  2750 | D:3      | Reached skill level 1 in Translocations
  2750 | D:3      | Reached skill level 1 in Transmutations
  2750 | D:3      | Reached skill level 1 in Fire Magic
  2750 | D:3      | Reached skill level 1 in Ice Magic
  2750 | D:3      | Reached skill level 1 in Air Magic
  2750 | D:3      | Reached skill level 1 in Earth Magic
  2750 | D:3      | Reached skill level 1 in Poison Magic
  2871 | D:3      | Found a shimmering altar of Xom.
  3212 | D:3      | Reached XP level 5. HP: 40/40 MP: 6/6
  3288 | D:3      | Found a glowing drain.
  3309 | Sewer    | Entered a sewer
  3478 | Sewer    | Noticed Pargi
  3482 | Sewer    | Killed Pargi
  3483 | Sewer    | Reached XP level 6. HP: 45/47 MP: 8/8
  3595 | D:3      | Found Puelaed's Weapon Shoppe.
  3772 | D:3      | Found a glowing silver altar of Zin.
  3781 | D:3      | Found a glowing golden altar of the Shining One.
  3942 | D:4      | Noticed Menkaure
  3959 | D:4      | Your ally Menkaure died
  3964 | D:4      | HP: 1/47 [centaur (5)]
  3974 | D:4      | Noticed Blork the orc
  3980 | D:4      | Found a sand-covered staircase.
  3982 | D:4      | HP: 2/47 [Blork the orc/puff of flame (12)]
  3982 | D:4      | Slain by a hobgoblin

Illustrated notes

Levels and vault maps discovered:
D:1:      lightli_arrival_maybe_door_vault, layout_basic
D:2:      layout_loops_cross, chequers_ecumenical_altar_simple,
          nicolae_shop_vocational, uniq_robin
D:3:      layout_loops_ring, mainiacjoe_overflow_tiny_flanked,
          mainiacjoe_overflow_swirl, cheibrodos_sewer_entry_bend, serial_shops,
          shop
D:4:      layout_basic, overflow_temple_1_default, gup_ossuary_entry_pyramid,
          minivault_1, uniq_grinder, uniq_menkaure, uniq_blork_the_orc

Skill      XL: |  1  2  3  4  5 |
---------------+----------------+-----
Invocations    | 1 2 |  2.1
Short Blades   | 1 |  1.9
Long Blades    | 1 |  1.9
Axes           | 1 |  1.9
Maces & Flails | 1 |  1.9
Polearms       | 1 |  1.9
Staves         | 1 |  1.9
Ranged Weapons | 1 |  1.9
Throwing       | 1 |  1.9
Shields        | 1 |  1.9
Unarmed Combat | 1 |  1.9
Spellcasting   | 1 |  1.9
Shapeshifting  | 1 |  1.7
Conjurations   | 1 |  1.5
Hexes          | 1 |  1.5
Summonings     | 1 |  1.5
Necromancy     | 1 |  1.5
Translocations | 1 |  1.5
Transmutations | 1 |  1.5
Fire Magic     | 1 |  1.5
Ice Magic      | 1 |  1.5
Air Magic      | 1 |  1.5
Earth Magic    | 1 |  1.5
Poison Magic   | 1 |  1.5
Fighting       | 3 |  3.2
Dodging        | 3 |  3.2
Stealth        | 3 |  3.0
Armour         | |  4.9
Evocations     | |  6.8

Action                     |  1- 3 |  4- 6 || total
---------------------------+-------+-------++-------
  Melee: Club              |    14 |       ||    14
         Dagger            |    90 |   137 ||   227
         Bite              |     5 |     6 ||    11
         Punch             |     3 |     2 ||     5
  Evoke: Wand              |    15 |     6 ||    21
    Use: Scroll            |       |     9 ||     9
         Potion            |       |     1 ||     1
   Stab: Sleeping          |     3 |     1 ||     4
 Armour: Leather armour    |    89 |    19 ||   108
         Plate armour      |       |   109 ||   109
  Dodge: Dodged            |    90 |    25 ||   115

Table legend: (Time is in decaauts)
 A = Elapsed time spent in this place.
 B = Non-inter-level travel time spent in this place.
 C = Inter-level travel time spent in this place.
 D = Time resting spent in this place.
 E = Time spent auto-exploring this place.
 F = Levels seen in this place.
 G = Mean time per level.
                   A        B        C        D        E       F      G
               +--------+--------+--------+--------+--------+-----+--------+
         Total |   3991 |   3841 |    150 |    848 |   1811 |   5 |  798.2 |
       Dungeon |   3752 |   3602 |    150 |    848 |   1663 |   4 |  938.0 |
         Sewer |    238 |    238 |      0 |      0 |    148 |   1 |  238.0 |
               +--------+--------+--------+--------+--------+-----+--------+

Top non-repeatable levels by time:
     D:1: 1517 daAuts
     D:2: 1212 daAuts
     D:3: 958 daAuts
   Sewer: 238 daAuts
     D:4: 64 daAuts
